[Event "Titled Tuesday Blitz May 10 Late 2022"]
[White "Batsiashvili, Nino"]
[Black "Alexiadis, Hristos"]
[WhiteFideId "13602993"]
[BlackFideId "4249623"]
[WhiteElo "2193"]
[BlackElo "2416"]
[Result "1-0"]
[Round "06"]
[TimeControl "180+1"]
[Date "2022.05.11"]
[WhiteClock "0:01:34"]
[BlackClock "0:01:26"]

1. d4 Nf6 2. c4 e6 3. Nc3 Bb4 4. Nf3 O-O 5. Bg5 h6 6. Bh4 b6 7. e3 Bb7 8. Bd3 g5 9. Bg3 Ne4 10. Qc2 f5 11. O-O-O Bxc3 12. bxc3 Qe7 13. Kb2 d6 14. Nd2 Nxd2 15. Rxd2 Nd7 16. f3 Rad8 17. h4 Kg7 18. Be1 Nf6 19. d5 Nd7 20. e4 Ne5 21. exf5 Nxd3+ 22. Qxd3 exf5 23. Bf2 Kg6 24. Bd4 Qf7 25. g4 Bc8 26. Rdh2 gxh4 27. Rxh4 Rh8 28. Qe3 1-0


[Site "https://www.chess.com"]

[Event "Titled Tuesday Blitz May 10 Late 2022"]
[White "Bifulco, Michel"]
[Black "Urbina Perez, Juan Antonio"]
[WhiteFideId "828580"]
[BlackFideId "2217368"]
[WhiteElo "2165"]
[BlackElo "2192"]
[Result "1-0"]
[Round "06"]
[TimeControl "180+1"]
[Date "2022.05.11"]
[WhiteClock "0:00:08"]
[BlackClock "0:00:09"]

1. d4 g6 2. Nc3 Bg7 3. e4 d6 4. Be3 a6 5. g4 b5 6. Bg2 Bb7 7. h4 h5 8. gxh5 Rxh5 9. Bf3 Rh8 10. h5 gxh5 11. Rxh5 Rxh5 12. Bxh5 Nf6 13. Bf3 Nbd7 14. Nh3 c5 15. Qd2 cxd4 16. Bxd4 Qc7 17. Qg5 Bf8 18. O-O-O O-O-O 19. Nd5 Qc4 20. b3 Qc6 21. Bh1 Kb8 22. Nxf6 exf6 23. Qg3 Rc8 24. c3 Ne5 25. f4 Ng6 26. e5 Qc7 27. Bxb7 Qxb7 28. exf6 b4 29. Kb2 bxc3+ 30. Bxc3 Qb5 31. Ng5 d5 32. Nxf7 Qc5 33. Rc1 d4 34. Bd2 Qa3+ 35. Kb1 Bb4 36. f5+ Rc7 37. Qxc7+ Ka8 38. Qc8+ Ka7 39. Rc7+ Kb6 40. Qb7+ Ka5 41. Rc5# 1-0


[Site "https://www.chess.com"]

[Event "Titled Tuesday Blitz May 10 Late 2022"]
[White "Bluebaum, Matthias"]
[Black "Dimakiling, Oliver"]
[WhiteFideId "24651516"]
[BlackFideId "5202248"]
[WhiteElo "2556"]
[BlackElo "2426"]
[Result "1-0"]
[Round "06"]
[TimeControl "180+1"]
[Date "2022.05.10"]
[WhiteClock "0:01:44"]
[BlackClock "0:01:04"]

1. d4 Nf6 2. c4 d6 3. Nf3 Bf5 4. Nc3 h6 5. g3 c6 6. Bg2 Nbd7 7. O-O e5 8. Re1 Be7 9. e4 Bh7 10. h3 O-O 11. b3 Re8 12. Bb2 Bf8 13. Qd2 exd4 14. Nxd4 Nc5 15. f3 a5 16. Rad1 Qb6 17. Kh2 a4 18. Qc2 axb3 19. axb3 d5 20. Nf5 Bxf5 21. exf5 Rxe1 22. Rxe1 Qxb3 23. Qxb3 Nxb3 24. cxd5 cxd5 25. Rd1 d4 26. Nb5 Ra2 27. Bxd4 Nxd4 28. Nxd4 Nd5 29. Rd3 Bc5 30. Nb3 Ne3 31. Nxc5 Rxg2+ 32. Kh1 Re2 33. g4 b5 34. Rd8+ Kh7 35. Nd7 g5 36. Nf6+ Kg7 37. Nh5+ Kh7 38. Rf8 Re1+ 39. Kh2 Re2+ 40. Kg1 Nd5 41. Rxf7+ Kh8 42. Rd7 Re5 43. Rd8+ Kh7 44. Rxd5 1-0


[Site "https://www.chess.com"]

[Event "Titled Tuesday Blitz May 10 Late 2022"]
[White "Butti, Enrique"]
[Black "Adewumi, Tanitoluwa"]
[WhiteFideId "3700470"]
[BlackFideId "30966396"]
[WhiteElo "2080"]
[BlackElo "2498"]
[Result "0-1"]
[Round "06"]
[TimeControl "180+1"]
[Date "2022.05.11"]
[WhiteClock "0:00:07"]
[BlackClock "0:01:17"]

1. d4 Nf6 2. Nf3 d5 3. c4 e6 4. e3 Bb4+ 5. Nbd2 O-O 6. a3 Be7 7. b3 b6 8. Bd3 Bb7 9. Bb2 Ne4 10. O-O f5 11. Qc2 Nd7 12. cxd5 exd5 13. Ne5 Bd6 14. f3 Nxd2 15. Qxd2 Qe7 16. f4 g6 17. Qe2 Nf6 18. Rf3 c5 19. Rh3 a6 20. dxc5 bxc5 21. Rf1 Rae8 22. Rff3 d4 23. Rfg3 Bxe5 24. Bc4+ Kg7 25. fxe5 Qxe5 26. Qc2 f4 0-1


[Site "https://www.chess.com"]

[Event "Titled Tuesday Blitz May 10 Late 2022"]
[White "Carrasco Miranda, Andres"]
[Black "Omariev, Maksim"]
[WhiteFideId "3405990"]
[BlackFideId "4193423"]
[WhiteElo "2177"]
[BlackElo "2496"]
[Result "1-0"]
[Round "06"]
[TimeControl "180+1"]
[Date "2022.05.11"]
[WhiteClock "0:00:19"]
[BlackClock "0:00:03"]

1. d4 h5 2. Nc3 h4 3. h3 c6 4. e4 d5 5. e5 Bf5 6. Nf3 e6 7. Bd3 Bxd3 8. Qxd3 Be7 9. O-O Nh6 10. Ne2 Nf5 11. c4 dxc4 12. Qxc4 Nd7 13. Nc3 Nb6 14. Qd3 c5 15. Rd1 c4 16. Qe4 Nd5 17. Nd2 Rc8 18. a4 Qd7 19. Qg4 Nb4 20. Nde4 b6 21. Bg5 Bxg5 22. Qxg5 Qe7 23. Nd6+ Nxd6 24. Qxg7 Rh5 25. exd6 Qg5 26. d7+ Kxd7 27. Qxf7+ Kc6 28. Ne4 Qf5 29. Qxf5 Rxf5 30. a5 b5 31. a6 Rd8 32. Nc5 e5 33. Ne6 Rd6 34. Ng7 Rg5 35. Ne8 Rd8 36. Nf6 exd4 37. Re1 Rd6 38. Ne4 Rgd5 39. Nxd6 Rxd6 40. Re4 d3 41. Rxh4 Nc2 42. Rd1 Nd4 43. Re4 Kc5 44. h4 Rxa6 45. g4 Rg6 46. g5 Nf3+ 47. Kg2 Nd4 48. Rxd4 Kxd4 49. f4 Ke3 50. Kg3 Rg8 51. h5 Ke2 52. Rh1 d2 53. h6 d1=Q 54. Rxd1 Kxd1 55. h7 Rd8 56. g6 Kc2 57. g7 Kxb2 58. h8=Q Rxh8 59. gxh8=Q+ c3 60. Qd4 Kb3 61. f5 b4 62. f6 c2 63. Qd3+ Kb2 64. Qd2 b3 65. f7 Kb1 66. Qd3 b2 67. f8=Q Ka1 68. Qfa3+ Kb1 69. Qab3 Ka1 70. Qdxc2 1-0


[Site "https://www.chess.com"]

[Event "Titled Tuesday Blitz May 10 Late 2022"]
[White "Castellanos Hernandez, Emilio Au"]
[Black "Kalajzic, Ivan"]
[WhiteFideId "5114179"]
[BlackFideId "14506378"]
[WhiteElo "2021"]
[BlackElo "2163"]
[Result "1/2-1/2"]
[Round "06"]
[TimeControl "180+1"]
[Date "2022.05.11"]
[WhiteClock "0:00:38"]
[BlackClock "0:00:33"]

1. e4 Nc6 2. d4 e5 3. Nf3 exd4 4. Nxd4 Nf6 5. Nc3 Bb4 6. Nxc6 bxc6 7. Bd3 d5 8. exd5 cxd5 9. O-O Kf8 10. Bd2 Bd6 11. h3 c6 12. Qf3 h6 13. Rae1 Bd7 14. Bf4 Qc7 15. Bxd6+ Qxd6 16. Rd1 g6 17. Rfe1 Kg7 18. a3 Rhe8 19. b4 a5 20. b5 c5 21. Rxe8 Rxe8 22. Bc4 Be6 23. Nxd5 Nxd5 24. Bxd5 Bxd5 25. Qc3+ Kh7 26. Qd2 c4 27. g3 Re5 28. f4 Qc5+ 29. Qd4 Re1+ 30. Kf2 Qxd4+ 31. Rxd4 Rc1 32. Rxd5 Rxc2+ 33. Ke3 Rc3+ 34. Kd4 Rxa3 35. Kxc4 Ra1 36. b6 Rc1+ 37. Kd4 Rb1 38. Rxa5 Rxb6 39. Ke4 Rb3 40. g4 Kg7 41. h4 Rh3 42. h5 gxh5 43. gxh5 Rh1 44. Rb5 Kf6 45. Rb6+ Kg7 46. Rb5 Re1+ 47. Kf5 Rh1 48. Kg4 Rg1+ 49. Kh4 Rh1+ 50. Kg4 Rg1+ 51. Kf5 Rh1 52. Ke4 1/2-1/2


[Site "https://www.chess.com"]

[Event "Titled Tuesday Blitz May 10 Late 2022"]
[White "Cilek, Bora"]
[Black "Godzwon, Iwo"]
[WhiteFideId "34502165"]
[BlackFideId "21802483"]
[WhiteElo "2440"]
[BlackElo "2201"]
[Result "1-0"]
[Round "06"]
[TimeControl "180+1"]
[Date "2022.05.11"]
[WhiteClock "0:00:59"]
[BlackClock "0:01:19"]

1. Nf3 b6 2. g3 Bb7 3. Bg2 Nf6 4. O-O e6 5. c4 Be7 6. d4 O-O 7. d5 exd5 8. Nh4 c6 9. cxd5 Nxd5 10. Nf5 Re8 11. e4 Nc7 12. Nc3 d5 13. exd5 Nxd5 14. Nxd5 cxd5 15. Re1 Bf8 16. Rxe8 Qxe8 17. Bxd5 Bxd5 18. Qxd5 Nc6 19. Bf4 Rd8 20. Nd6 Qd7 21. Rd1 Na5 22. Rd2 Nb7 23. Qxb7 Qxb7 24. Nxb7 Rc8 25. Rd8 Rxd8 26. Nxd8 1-0


[Site "https://www.chess.com"]

[Event "Titled Tuesday Blitz May 10 Late 2022"]
[White "Curtis, John"]
[Black "Can, Melih Kaan"]
[WhiteFideId "3200256"]
[BlackFideId "6317383"]
[WhiteElo "2203"]
[BlackElo "2049"]
[Result "0-1"]
[Round "06"]
[TimeControl "180+1"]
[Date "2022.05.11"]
[WhiteClock "0:00:56"]
[BlackClock "0:00:08"]

1. e4 c5 2. Nf3 Nc6 3. d4 cxd4 4. Nxd4 e5 5. Nb5 d6 6. Bc4 Be7 7. a4 Nf6 8. N1c3 a6 9. Na3 O-O 10. O-O Be6 11. Ba2 Nd4 12. Nc4 Rc8 13. Ne3 Nd7 14. Ncd5 Bg5 15. c3 Nc6 16. b4 Ne7 17. Nxe7+ Qxe7 18. Nd5 Bxd5 19. Qxd5 Bxc1 20. Raxc1 Nf6 21. Qd3 Rfd8 22. f3 g6 23. a5 Nh5 24. g3 Kg7 25. Rfd1 Nf6 26. Qe3 Ne8 27. Rd3 h5 28. Rcd1 h4 29. Kg2 Nc7 30. Qd2 Ne6 31. Bb3 Rc6 32. Bd5 Rc7 33. Bxe6 Qxe6 34. Rxd6 Rxd6 35. Qxd6 Qxd6 36. Rxd6 Rxc3 37. Rb6 hxg3 38. Kxg3 Rc7 39. b5 axb5 40. Rxb5 Kf6 41. Rb6+ Ke7 42. h4 Kd7 43. Kg4 Ke7 44. Kg5 Rd7 45. a6 bxa6 46. Rxa6 Rd3 47. Ra7+ Ke6 48. Ra6+ Ke7 49. Kg4 Rd1 50. Ra5 Rg1+ 51. Kh3 Kf6 52. Ra6+ Kg7 53. Ra7 Kg8 54. Kh2 Rf1 55. Kg2 Rc1 56. Ra5 f6 57. Ra7 Rc8 58. Kg3 Rf8 59. Kg4 Rf7 60. h5 Rxa7 61. hxg6 Kg7 62. Kf5 Ra6 63. f4 exf4 64. Kxf4 Kxg6 65. Kg4 Ra5 66. Kf4 Re5 67. Kf3 Kg5 68. Ke3 Kg4 69. Kd4 Kf4 70. Kd3 Rxe4 71. Kd2 Ke5 72. Kc2 f5 73. Kd1 f4 74. Kc2 f3 75. Kd2 f2 76. Kc2 f1=Q 77. Kd2 Qf3 78. Kc2 Re2+ 79. Kd1 Qf1# 0-1


[Site "https://www.chess.com"]

[Event "Titled Tuesday Blitz May 10 Late 2022"]
[White "D`Arruda, Ricardo D."]
[Black "Hess, Robert"]
[WhiteFideId "100692"]
[BlackFideId "2022036"]
[WhiteElo "2450"]
[BlackElo "2557"]
[Result "0-1"]
[Round "06"]
[TimeControl "180+1"]
[Date "2022.05.11"]
[WhiteClock "0:00:09"]
[BlackClock "0:00:04"]

1. Nf3 f5 2. g3 g6 3. Bg2 Bg7 4. d3 Nf6 5. O-O O-O 6. Nc3 d5 7. Bf4 c6 8. e4 fxe4 9. dxe4 Nxe4 10. Nxe4 dxe4 11. Ng5 Bxb2 12. Rb1 Qxd1 13. Rfxd1 Bg7 14. Nxe4 Nd7 15. Bh3 Nb6 16. Bxc8 Raxc8 17. Nc5 e5 18. Be3 Rf7 19. Ne6 Nd5 20. Bxa7 Nc3 21. Bb6 Bf6 22. Nc5 Nxb1 23. Rxb1 Bd8 24. a4 Bxb6 25. Rxb6 Ra8 26. Kg2 Ra5 27. Nxb7 Rxa4 28. Nd6 Rf6 29. Rxc6 Ra8 30. c4 e4 31. c5 Raf8 32. Kh3 Re6 33. Kg2 e3 34. fxe3 Rxe3 35. Kh3 Rf2 36. Rc8+ Kg7 37. c6 h5 38. c7 Rc2 39. Rd8 Ree2 40. g4 Rc3+ 41. Kh4 Rxh2+ 42. Kg5 Rc5+ 43. Nf5+ gxf5 44. c8=Q Rxc8 45. Rxc8 fxg4 46. Rc7+ Kf8 47. Rh7 g3 0-1


[Site "https://www.chess.com"]

[Event "Titled Tuesday Blitz May 10 Late 2022"]
[White "Daggupati, Balaji"]
[Black "Derraugh, Geordie"]
[WhiteFideId "2090759"]
[BlackFideId "2603950"]
[WhiteElo "2638"]
[BlackElo "2116"]
[Result "1-0"]
[Round "06"]
[TimeControl "180+1"]
[Date "2022.05.11"]
[WhiteClock "0:00:15"]
[BlackClock "0:00:03"]

1. e4 c5 2. Nf3 d6 3. d4 cxd4 4. Nxd4 Nf6 5. Nc3 a6 6. Qe2 e5 7. Nf5 Bxf5 8. exf5 Nc6 9. Bg5 Nd4 10. Qd3 Rc8 11. O-O-O Be7 12. Be3 Nc6 13. Kb1 O-O 14. Be2 Nb4 15. Qd2 d5 16. f4 exf4 17. Bxf4 Rxc3 18. Qxc3 Ne4 19. Qf3 Bf6 20. Qb3 a5 21. a3 Nc5 22. Qf3 Nxc2 23. Kxc2 Qb6 24. Kd2 Qxb2+ 25. Ke1 Re8 26. Kf1 Ne4 27. Qe3 d4 28. Qc1 Qb6 29. Bd3 Nc3 30. Re1 Rd8 31. Kf2 h6 32. Be5 Bg5 33. Bf4 Bf6 34. Qd2 Qc6 35. Rc1 Qd5 36. Rhe1 Rd7 37. Kg1 Kh7 38. Qf2 a4 39. Qg3 Kg8 40. Re8+ Kh7 41. Qg6+ fxg6 42. fxg6# 1-0


[Site "https://www.chess.com"]

[Event "Titled Tuesday Blitz May 10 Late 2022"]
[White "Della Morte, German"]
[Black "Papasimakopoulos, Alexandros"]
[WhiteFideId "113522"]
[BlackFideId "4244125"]
[WhiteElo "2363"]
[BlackElo "2340"]
[Result "1-0"]
[Round "06"]
[TimeControl "180+1"]
[Date "2022.05.10"]
[WhiteClock "0:00:02"]
[BlackClock "0:01:23"]

1. e4 e6 2. d4 d5 3. Nd2 Nf6 4. e5 Nfd7 5. Bd3 c5 6. c3 Nc6 7. Ne2 cxd4 8. cxd4 f6 9. exf6 Nxf6 10. Nf3 Bd6 11. O-O Qc7 12. Nc3 a6 13. h3 O-O 14. Bd2 Bd7 15. Rc1 Rae8 16. Re1 Qb6 17. Na4 Qa7 18. Be3 Ne4 19. Bxe4 dxe4 20. Ng5 Nb4 21. Nxe4 Be7 22. Nac3 Qb8 23. Bg5 Bxg5 24. Nxg5 h6 25. Nf3 Qf4 26. Re4 Qf6 27. a3 Nd5 28. Nxd5 exd5 29. Rxe8 Bxe8 30. Qd2 Bh5 31. Ne5 Qb6 32. Rc3 Be8 33. Rg3 Ba4 34. Kh2 Be8 35. b4 Qd6 36. f4 Qf6 37. Rf3 Qf5 38. Qd3 Qe4 39. Qxe4 dxe4 40. Rf1 Bb5 41. Re1 Rxf4 42. g3 Rf2+ 43. Kg1 Ra2 44. Rxe4 Rxa3 45. Kg2 Ra2+ 46. Kf3 Rb2 47. d5 Rd2 48. Ng6 Kf7 49. Ne7 Ba4 50. h4 Bb3 51. Re5 Kf6 52. Re6+ Kf7 53. Re5 b6 54. Ke3 Rd1 55. Ke2 a5 56. bxa5 bxa5 57. Nf5 a4 58. Nd6+ Kf6 59. Re6# 1-0


[Site "https://www.chess.com"]

[Event "Titled Tuesday Blitz May 10 Late 2022"]
[White "Demchenko, Anton"]
[Black "Srinath, Rao S.V."]
[WhiteFideId "4160258"]
[BlackFideId "5028876"]
[WhiteElo "2539"]
[BlackElo "2181"]
[Result "1-0"]
[Round "06"]
[TimeControl "180+1"]
[Date "2022.05.10"]
[WhiteClock "0:00:07"]
[BlackClock "0:00:30"]

1. e4 e6 2. d4 d5 3. Nd2 Nf6 4. e5 Nfd7 5. c3 c5 6. f4 Nc6 7. Ndf3 f6 8. Bd3 cxd4 9. cxd4 Bb4+ 10. Bd2 Bxd2+ 11. Qxd2 O-O 12. Ne2 a5 13. O-O a4 14. Rac1 a3 15. b3 Qb6 16. Kh1 f5 17. h3 Qb4 18. Qe3 Ne7 19. Nc3 b6 20. Ng5 Nb8 21. Nb5 h6 22. Nc7 hxg5 23. Nxa8 Nbc6 24. fxg5 Qxd4 25. Qxd4 Nxd4 26. Nxb6 Nec6 27. Bb5 Bb7 28. Bxc6 Nxc6 29. Nd7 Re8 30. Rf4 Bc8 31. Rxc6 Bxd7 32. Rc7 Bb5 33. g6 Rd8 34. Rb4 Be8 35. Rbb7 d4 36. Rxg7+ Kf8 37. Rh7 Kg8 38. Rbg7+ Kf8 39. Rc7 Kg8 40. Rc2 Bxg6 41. Rhc7 Rd5 42. R7c5 d3 43. Rxd5 exd5 44. Rd2 f4 45. b4 Kf7 46. b5 Be4 47. b6 d4 48. b7 Bxb7 49. Rxd3 Ke6 50. Rxd4 Kxe5 51. Ra4 1-0


[Site "https://www.chess.com"]

[Event "Titled Tuesday Blitz May 10 Late 2022"]
[White "Diaz, Fernando"]
[Black "Djokic, Mihailo"]
[WhiteFideId "3701255"]
[BlackFideId "976440"]
[WhiteElo "1934"]
[BlackElo "2202"]
[Result "1-0"]
[Round "06"]
[TimeControl "180+1"]
[Date "2022.05.11"]
[WhiteClock "0:00:56"]
[BlackClock "0:00:02"]

1. e4 c5 2. d4 cxd4 3. c3 Nf6 4. e5 Nd5 5. cxd4 d6 6. Nf3 e6 7. a3 Nc6 8. Bd3 Qc7 9. O-O dxe5 10. dxe5 Bd7 11. Qe2 a5 12. Bd2 a4 13. Nc3 Nxc3 14. Bxc3 Be7 15. Rac1 Qb6 16. Rfd1 Rd8 17. Qe4 g6 18. h4 O-O 19. h5 Bc5 20. Rc2 Ne7 21. Qf4 Nd5 22. Qh6 Be7 23. Bd2 Be8 24. Bg5 Rd7 25. Bxe7 Rxe7 26. Ng5 f5 27. exf6 Rxf6 28. Rc8 Qxf2+ 29. Kh1 Qh4+ 30. Kg1 Qf2+ 31. Kh1 Rf8 32. hxg6 hxg6 33. Bxg6 Nf4 34. Bh7+ Kh8 35. Qxf8# 1-0


[Site "https://www.chess.com"]

[Event "Titled Tuesday Blitz May 10 Late 2022"]
[White "Donchenko, Alexander"]
[Black "Nakamura, Hikaru"]
[WhiteFideId "24603295"]
[BlackFideId "2016192"]
[WhiteElo "2572"]
[BlackElo "2850"]
[Result "0-1"]
[Round "06"]
[TimeControl "180+1"]
[Date "2022.05.10"]
[WhiteClock "0:00:06"]
[BlackClock "0:00:10"]

1. d4 g6 2. Nf3 Bg7 3. g3 d6 4. Bg2 Bd7 5. O-O Qc8 6. e4 Nc6 7. Re1 Bh3 8. Bh1 h5 9. c3 e5 10. dxe5 Nxe5 11. Nxe5 dxe5 12. Nd2 h4 13. Nf3 Bg4 14. Qa4+ Bd7 15. Qb3 hxg3 16. hxg3 f6 17. Be3 Ne7 18. Rad1 Be6 19. Qa4+ Kf7 20. Bg2 a6 21. Bc5 Bf8 22. Qc2 b6 23. Be3 Bh6 24. Qd2 Bxe3 25. Qxe3 Bxa2 26. Nd2 Be6 27. Bf1 Qg8 28. Bc4 Qh7 29. Bxe6+ Kxe6 30. Kf1 Rad8 31. Nf3 Nc8 32. c4 Qe7 33. Rxd8 Qxd8 34. c5 Qe8 35. cxb6 Qb5+ 36. Kg2 Qxb6 37. Qd3 g5 38. Rd1 Qc6 39. Nd2 Nd6 40. Qb3+ Ke7 41. Qb4 g4 42. Ra1 Qb5 43. Qc3 Kd7 44. Rc1 Qb7 45. Qd3 Ke7 46. Rc5 Rd8 47. Rd5 Nxe4 48. Rxd8 Nd6+ 49. Kg1 Kxd8 50. Qg6 Qxb2 51. Qxf6+ Kc8 52. Nf1 Kb7 53. Qe6 Qd4 54. Ne3 a5 55. Qb3+ Kc8 56. Qe6+ Kb7 57. Qb3+ Kc6 58. Qc2+ Kd7 59. Qh7+ Kd8 60. Qg8+ Ne8 61. Nxg4 Qd6 62. Ne3 a4 63. Nc4 Qc5 64. Qe6 Qe7 65. Qd5+ Nd6 66. Nxe5 Qe8 67. Nc6+ Kd7 68. Nd4 Qe1+ 69. Kg2 Qc3 70. Qe6+ Kd8 71. Nf3 Qc6 72. Qf6+ Kc8 73. g4 a3 74. g5 a2 75. g6 Qd5 76. g7 Kb7 77. Qb2+ Kc6 78. Qc3+ Kb7 79. Qb2+ Ka6 80. Qa3+ Kb5 81. Qb2+ Kc6 82. Qc3+ Kd7 83. Qb2 Nf5 84. Kf1 Ne3+ 85. fxe3 Qxf3+ 86. Ke1 Qh1+ 87. Kf2 Qh2+ 88. Kf3 Qxb2 89. g8=Q Qf6+ 90. Kg4 a1=Q 91. Qd5+ Ke7 92. Qc5+ Qd6 93. Qg5+ Qaf6 0-1


[Site "https://www.chess.com"]

[Event "Titled Tuesday Blitz May 10 Late 2022"]
[White "Wagner, Dinara"]
[Black "Remolar Gallen, Jose"]
[WhiteFideId "24157570"]
[BlackFideId "2215187"]
[WhiteElo "2216"]
[BlackElo "2205"]
[Result "0-1"]
[Round "06"]
[TimeControl "180+1"]
[Date "2022.05.11"]
[WhiteClock "0:00:26"]
[BlackClock "0:00:22"]

1. b3 e5 2. Bb2 Nc6 3. g3 d5 4. c4 d4 5. Bg2 Nf6 6. d3 Bb4+ 7. Nd2 O-O 8. a3 Bc3 9. Qc2 Bxb2 10. Qxb2 Bf5 11. Ngf3 h6 12. O-O Re8 13. b4 Qd7 14. b5 Nd8 15. Rfe1 Rb8 16. c5 Nd5 17. Nc4 Nc3 18. Nxd4 exd4 19. a4 Bg4 20. f3 Be6 21. Ne5 Qd5 22. f4 Qxc5 23. Rac1 f6 24. Nf3 Qb6 25. e3 Nxa4 26. Qb4 Nc5 27. Rxc5 a5 28. Qxd4 Bf7 29. Rcc1 Qxb5 30. Rb1 Qa6 31. Rec1 Ne6 32. Qc3 b5 33. f5 b4 34. Qd2 Ng5 35. Nd4 b3 36. Rxc7 a4 37. Qc3 a3 38. Rxf7 Nxf7 39. Nxb3 a2 40. Ra1 Qa3 41. Bd5 Rec8 42. Qd4 Rxb3 43. Bxf7+ Kxf7 44. Qd7+ Qe7 45. Qxc8 Rb1+ 46. Kg2 Rxa1 47. Qc4+ Kf8 48. Qc8+ Qe8 49. Qc5+ Kg8 50. Qc4+ Kh8 51. Kh3 Rb1 52. Qxa2 Rb7 53. Qd5 Re7 54. e4 Qd7 55. Qa8+ Re8 56. Qa6 Rd8 57. Kg4 Qxd3 58. Qc6 Qd1+ 59. Kf4 Qd2+ 60. Kg4 Qg5+ 61. Kf3 Qh5+ 62. Kf4 Qg5+ 63. Kf3 Qd2 64. Kg4 Qd1+ 65. Kf4 Qd7 66. Qb6 Qd6+ 67. Qxd6 Rxd6 68. e5 fxe5+ 69. Kxe5 Ra6 70. h4 Kg8 71. g4 Kf7 72. g5 Ra5+ 73. Kf4 Ra4+ 74. Kg3 h5 75. Kh3 Rg4 76. Kh2 Ke7 77. Kh3 Kd6 78. Kh2 Ke5 79. f6 gxf6 80. gxf6 Kxf6 81. Kh3 Kf5 82. Kh2 Rxh4+ 83. Kg3 Ra4 84. Kf3 Kg5 0-1


[Site "https://www.chess.com"]

[Event "Titled Tuesday Blitz May 10 Late 2022"]
[White "Dourerassou, Jonathan"]
[Black "Martinez Reyes, Pedro Ramon"]
[WhiteFideId "628050"]
[BlackFideId "3901807"]
[WhiteElo "2499"]
[BlackElo "2410"]
[Result "1-0"]
[Round "06"]
[TimeControl "180+1"]
[Date "2022.05.10"]
[WhiteClock "0:01:51"]
[BlackClock "0:00:12"]

1. d4 Nf6 2. c4 d5 3. cxd5 c6 4. dxc6 Nxc6 5. e3 e5 6. Nf3 Bb4+ 7. Nc3 exd4 8. exd4 Bg4 9. Be2 O-O 10. O-O Bxf3 11. Bxf3 Nxd4 12. Bxb7 Rb8 13. Bf3 Bxc3 14. bxc3 Nxf3+ 15. Qxf3 Qa5 16. Bf4 Rbc8 17. Rfc1 Nd5 18. Be5 Rc4 19. h3 Rfc8 20. Rab1 Nb6 21. Qg3 g6 22. Re1 Qxa2 23. Bd4 Qa3 24. Qe5 Rxd4 25. cxd4 Qa2 26. Qf6 Qd5 27. Re5 Qa2 28. Rbe1 Nd7 29. Re8+ Rxe8 30. Rxe8+ Nf8 31. Qe7 Qa1+ 32. Kh2 Qa3 1-0


[Site "https://www.chess.com"]

[Event "Titled Tuesday Blitz May 10 Late 2022"]
[White "Dubov, Daniil"]
[Black "Papp, Levente"]
[WhiteFideId "24126055"]
[BlackFideId "751243"]
[WhiteElo "2791"]
[BlackElo "2308"]
[Result "1-0"]
[Round "06"]
[TimeControl "180+1"]
[Date "2022.05.10"]
[WhiteClock "0:01:19"]
[BlackClock "0:00:01"]

1. e4 e6 2. Nf3 d5 3. Nc3 d4 4. Ne2 c5 5. Ng3 Nc6 6. Bb5 Bd7 7. O-O h5 8. h3 h4 9. Ne2 Bd6 10. d3 Qc7 11. c3 e5 12. b4 dxc3 13. bxc5 Bxc5 14. Nxc3 Nge7 15. Bc4 Nd4 16. Be3 a6 17. Rc1 Qd6 18. Nd5 b5 19. Bxd4 exd4 20. e5 Qc6 21. Nxe7 Kxe7 22. Bb3 Qb6 23. Qd2 Ba3 24. Qg5+ Kf8 25. Qf4 Be8 26. e6 Bxc1 27. Rxc1 Rh6 28. Ng5 Qd8 29. Rc7 Qf6 30. Qd6+ Kg8 31. exf7+ Bxf7 32. Qxf6 Rxf6 33. Nxf7 Kh7 34. Bd5 Re8 35. Ng5+ Kg6 36. Ne4 Rff8 37. Rc6+ Kh7 38. Rxa6 Rd8 39. Bc6 b4 40. Ng5+ Kh6 41. Ne6 b3 42. axb3 Rde8 43. Bxe8 1-0


[Site "https://www.chess.com"]

[Event "Titled Tuesday Blitz May 10 Late 2022"]
[White "Erdogdu, Mert"]
[Black "Baches Garcia, Guillermo"]
[WhiteFideId "6301495"]
[BlackFideId "2209764"]
[WhiteElo "2451"]
[BlackElo "2520"]
[Result "1-0"]
[Round "06"]
[TimeControl "180+1"]
[Date "2022.05.11"]
[WhiteClock "0:00:17"]
[BlackClock "0:00:01"]

1. c4 e5 2. Nc3 Nf6 3. g3 d5 4. cxd5 Nxd5 5. Bg2 Nb6 6. e3 Be7 7. Nge2 O-O 8. O-O c5 9. f4 exf4 10. Nxf4 Nc6 11. b3 Bf6 12. Bb2 Bd7 13. Rc1 Rc8 14. Ba3 Nb4 15. Ne4 Bb5 16. Rf2 Be7 17. Nh5 Nd3 18. Qg4 g6 19. Nhf6+ Bxf6 20. Nxf6+ Kg7 21. Qh4 h5 22. Rf5 Nd7 23. Nxh5+ Kg8 24. Rg5 Nxc1 25. Bb2 Nd3 26. Bd5 Rc6 27. Bc3 Qe7 28. Nf4 N7e5 29. Nxg6 1-0


[Site "https://www.chess.com"]

[Event "Titled Tuesday Blitz May 10 Late 2022"]
[White "Estrada Nieto, Julian"]
[Black "Barria Zuniga, Daniel"]
[WhiteFideId "5101018"]
[BlackFideId "3400816"]
[WhiteElo "2252"]
[BlackElo "2414"]
[Result "0-1"]
[Round "06"]
[TimeControl "180+1"]
[Date "2022.05.11"]
[WhiteClock "0:00:01"]
[BlackClock "0:00:06"]

1. e4 e6 2. d4 d5 3. Nd2 c5 4. exd5 Qxd5 5. Ngf3 cxd4 6. Bc4 Qd8 7. O-O Nc6 8. Nb3 Nf6 9. Nbxd4 Nxd4 10. Nxd4 Bd6 11. Nb5 Bc5 12. Qxd8+ Kxd8 13. Bf4 Ke7 14. Nc7 Rb8 15. Nb5 Ra8 16. Rfd1 a6 17. Bd6+ Bxd6 18. Nxd6 Rd8 19. Nxc8+ Raxc8 20. Rxd8 Rxd8 21. Bd3 Nd5 22. Be4 f5 23. Bxd5 Rxd5 24. Kf1 Rd2 25. Rc1 e5 26. Ke1 Rd5 27. Ke2 Ke6 28. c4 Rd4 29. Rc3 e4 30. a4 f4 31. a5 Kd6 32. b3 Kc5 33. Rh3 Kb4 34. Rxh7 Kxb3 35. Rxg7 Rxc4 36. Rxb7+ Ka4 37. Kd2 Kxa5 38. Rf7 Kb4 39. Rxf4 a5 40. Ke3 a4 41. Rf8 a3 42. Rb8+ Kc3 43. Ra8 Kb3 44. Rd8 a2 45. Rd1 Kc2 46. Rd2+ Kb1 47. Rxa2 Kxa2 48. h4 Kb3 49. h5 Kc3 50. g4 Ra4 51. g5 Ra5 52. Kf4 Kd4 53. h6 Ra2 54. Kg3 Ke5 55. h7 Ra8 56. Kg4 Ke6 57. Kh5 Kf5 0-1


[Site "https://www.chess.com"]

[Event "Titled Tuesday Blitz May 10 Late 2022"]
[White "Ferreira, Vitor Hugo Vieira"]
[Black "Qashashvili, Alexandre"]
[WhiteFideId "2119765"]
[BlackFideId "13600842"]
[WhiteElo "2165"]
[BlackElo "2316"]
[Result "1-0"]
[Round "06"]
[TimeControl "180+1"]
[Date "2022.05.11"]
[WhiteClock "0:02:02"]
[BlackClock "0:02:01"]

1. d4 c6 2. c4 d5 3. Nf3 Nf6 4. Nc3 Bf5 5. e3 e6 6. Nh4 Bg4 7. Qc2 Bh5 8. h3 Ne4 9. Nf3 Bxf3 10. gxf3 Nxc3 11. bxc3 Bd6 12. Rg1 g6 13. e4 Nd7 14. cxd5 exd5 15. e5 Qe7 16. Be3 Bc7 17. f4 Nf8 18. f5 gxf5 19. Qxf5 Qe6 20. Qc2 Ng6 21. Bd3 Qxh3 22. O-O-O O-O-O 23. Bf5+ Qxf5 24. Qxf5+ Rd7 25. f4 Nh4 26. Qh3 Ng6 27. e6 fxe6 28. Rxg6 hxg6 29. Qxh8+ Rd8 30. Qxd8+ Kxd8 31. Rg1 Bxf4 32. Bxf4 1-0


[Site "https://www.chess.com"]

[Event "Titled Tuesday Blitz May 10 Late 2022"]
[White "Fishbein, Alexander"]
[Black "Vujic, Mihailo"]
[WhiteFideId "2000377"]
[BlackFideId "918873"]
[WhiteElo "2653"]
[BlackElo "2538"]
[Result "1-0"]
[Round "06"]
[TimeControl "180+1"]
[Date "2022.05.11"]
[WhiteClock "0:00:08"]
[BlackClock "0:00:05"]

1. e4 e5 2. Nf3 Nc6 3. Bb5 f5 4. d3 fxe4 5. dxe4 Nf6 6. Qd3 Bc5 7. O-O d6 8. Bc4 Qe7 9. Nc3 Be6 10. Nd5 Bxd5 11. Bxd5 Nxd5 12. Qxd5 Qf7 13. c3 Qxd5 14. exd5 Ne7 15. Rd1 O-O 16. Be3 Bb6 17. Ng5 h6 18. Ne4 Nf5 19. Bxb6 axb6 20. a4 Ra6 21. Ra3 Rfa8 22. Rda1 Ne7 23. c4 Nf5 24. b4 Nd4 25. R1a2 b5 26. a5 bxc4 27. Rc3 b5 28. Kf1 c6 29. dxc6 Rxc6 30. Rg3 d5 31. Nc3 Nf5 32. Rf3 g6 33. Nxd5 e4 34. Rxf5 gxf5 35. Ne7+ Kf7 36. Nxc6 Ke6 37. Nd4+ Kd5 38. Nxb5 Rb8 39. Nc3+ Kd4 40. Ne2+ Kd3 41. Ra3+ Kd2 42. Ra4 c3 43. Nxc3 Kxc3 44. a6 Rc8 45. a7 Kd3 46. g3 e3 47. fxe3 Kxe3 48. a8=Q Rxa8 49. Rxa8 Kf3 50. b5 f4 51. gxf4 Kg4 52. b6 Kh3 53. b7 Kxh2 54. b8=Q h5 55. f5+ Kh1 56. Ra2 h4 57. Qh2# 1-0


[Site "https://www.chess.com"]